 Dungeon Crawl Stone Soup version 0.30-a0-377-g5cb311bc9f (webtiles) character file.

Game seed: 3438169301418254068

12605 pokeman the Eclecticist (level 11, -6/60 HPs)
             Began as a Deep Elf Hedge Wizard on Nov 27, 2022.
             Was a Believer of Vehumet.
             Engulfed by a cloud of freezing vapour (18 damage)
             ... in a Gauntlet on Nov 28, 2022.
             The game lasted 00:40:11 (13836 turns).

pokeman the Eclecticist (Deep Elf Hedge Wizard)    Turns: 13836, Time: 00:40:12

Health: -6/60      AC:  9    Str:  7    XL:     11   Next: 64%
Magic:  34/34      EV: 12    Int: 24    God:    Vehumet [**....]
Gold:   1273       SH:  5    Dex: 14    Spells: 30/44 levels left

rFire   . . .      SeeInvis .    f - staff of conjuration
rCold   . . .      Faith    .    n - +0 buckler
rNeg    . . .      Spirit   .    H - +0 steam dragon scales
rPois   .          Reflect  .    s - +0 helmet
rElec   .          Harm     .    B - scarf {repulsion}
rCorr   .          Rampage  .    N - +0 pair of gloves
Will    +....      NoTele   +    c - +0 pair of boots
Stlth   ++........               r - amulet of the acrobat
HPRegen 0.30/turn                u - ring of wizardry
MPRegen 0.24/turn                (no ring)

@: very slightly contaminated, repel missiles
A: no striking features
a: Renounce Religion


You were in a Gauntlet.
You worshipped Vehumet.
Vehumet was pleased with you.
You visited 2 branches of the dungeon, and saw 12 of its levels.
You also visited: Bailey and Gauntlet.

You collected 1273 gold pieces.

Inventory:

Hand Weapons
 h - a +3 flail of venom
Missiles
 L - a curare-tipped dart
Armour
 c - a +0 pair of boots (worn)
 m - a +0 cloak of stealth
 n - a +0 buckler (worn)
 s - a +0 helmet (worn)
 B - a scarf of repulsion (worn)
 H - +0 steam dragon scales (worn)
 J - a +2 ring mail of poison resistance
 N - a +0 pair of gloves (worn)
 O - an orb of energy
Magical Staves
 f - a staff of conjuration (weapon)
Jewellery
 r - an amulet of the acrobat (around neck)
 u - a ring of wizardry (left hand)
 z - a ring of fire
Wands
 K - a wand of iceblast (5)
 M - a wand of flame (4)
 P - a wand of light (4)
Scrolls
 a - 2 scrolls of magic mapping {unknown}
 b - 3 scrolls of poison {unknown}
 e - 5 scrolls of fear {unknown}
 g - a scroll of enchant weapon {unknown}
 j - 5 scrolls of identify {unknown}
 k - a scroll of torment {unknown}
 l - 2 scrolls of enchant armour {unknown}
 p - 3 scrolls of noise {unknown}
 q - a scroll of summoning {unknown}
 t - 2 scrolls of teleportation {unknown}
 v - a scroll of amnesia {unknown}
 y - a scroll of silence {unknown}
 G - a scroll of vulnerability {unknown}
Potions
 d - a potion of magic
 i - 3 potions of curing
 o - 3 potions of attraction {unknown}
 w - 3 potions of heal wounds {unknown}
 x - 3 potions of ambrosia {unknown}
 A - 3 potions of invisibility {unknown}
 D - a potion of flight
 E - a potion of brilliance {unknown}
 F - 3 potions of berserk rage {unknown}
 I - a potion of degeneration {unknown}
Miscellaneous
 C - a phantom mirror


   Skills:
 - Level 3.1 Fighting
 + Level 4.5 Armour
 - Level 3.0 Dodging
 - Level 3.0 Stealth
 - Level 5.0 Shields
 * Level 17.1 Spellcasting
 + Level 10.3 Conjurations
 - Level 1.1 Summonings
 - Level 1.1 Translocations
 - Level 1.0 Ice Magic
 - Level 1.0 Air Magic
 - Level 1.0 Poison Magic
 - Level 1.0 Evocations


You had 30 spell levels left.
You knew the following spells:

 Your Spells              Type           Power      Damage    Failure   Level
a - Magic Dart            Conj           100%       1d8       1%          1
b - Mephitic Cloud        Conj/Pois/Air  57%        N/A       1%          3
c - Call Imp              Summ           25%        N/A       1%          2
d - Blink                 Tloc           50%        N/A       1%          2
e - Foxfire               Conj/Fire      100%       2x1d9     1%          1
f - Freezing Cloud        Conj/Ice/Air   28%        6-21      6%          5

Your spell library contained the following spells:

 Spells                   Type           Power      Damage    Failure   Level
 Hailstorm                Conj/Ice       64%        3d14      1%          3
 Apportation              Tloc           50%        N/A       1%          1
 Necrotise                Necr           80%        1d8       1%          1
 Slow                     Hex            80%        N/A       1%          1
 Sting                    Tmut/Pois      92%        1d7       1%          1
 Summon Small Mammal      Summ           100%       N/A       1%          1
 Cigotuvi's Dreadful Rot  Necr/Pois/Air  48%        N/A       1%          2
 Poisonous Vapours        Pois/Air       50%        N/A       1%          2
 Kindle Blastsparks       Fire/Tloc/Air  48%        2d14      2%          3
 Ignite Poison            Fire/Tmut/Pois 22%        N/A       3%          3
 Olgreb's Toxic Radiance  Pois           25%        N/A       9%          4


Dungeon Overview and Level Annotations

Branches:
Dungeon (11/15)            Temple (1/1) D:7            Lair (0/5) D:8
    Orc (0/2) D:11         Bailey (visited)         Gauntlet (1/1)

Altars:
Ashenzari
Cheibriados
Dithmenos
Elyvilon
Fedhas
Gozag
Kikubaaqudgha
Makhleb
Nemelex Xobeh
Okawaru
Sif Muna
Trog
Uskayaw
Vehumet
Wu Jian
Xom
Yredelemnul
Zin
The Shining One

Shops:
D:2 (   D:3 (   D:4 *   D:5 (   D:6 (

Annotations:
Gauntlet 13 transporters, 2 runed translucent doors


Message History

You block the worldbinder's attack. x2
Unknown command.
Unknown command.
Casting: Freezing Cloud (dangerous; 7% risk of failure)
Confirm with . or Enter, or press ? or * to list all spells.
Aiming: Freezing Cloud (dangerous; 7% risk of failure)
Press: ? - help, Dir - move target, f - boggart, p - boggart
Aim: a boggart You feel a surge of power!
That beam is likely to hit you.
Continue anyway?
You are engulfed in freezing vapours.
* * * LOW HITPOINT WARNING * * *
The boggart is engulfed in freezing vapours. x2
You kill the boggart!
Vehumet accepts your kill.
You feel your power returning.
The jelly dissolves into shadows!
The boggart is engulfed in freezing vapours.
The worldbinder is engulfed in freezing vapours.
The worldbinder closely misses you. x2
You block the skeletal warrior's attack.
The necromancer is engulfed in freezing vapours.
The necromancer casts a spell at you.
Your body is wracked with pain!
* * * LOW HITPOINT WARNING * * *
Unknown command.
Unknown command.
Unknown command.
Magic courses through your body.
You are engulfed in freezing vapours.
* * * LOW HITPOINT WARNING * * *
The worldbinder is engulfed in freezing vapours.
The boggart is engulfed in freezing vapours.
You kill the boggart!
Vehumet accepts your kill.
The worldbinder is engulfed in freezing vapours.
You destroy the worldbinder!
Vehumet accepts your kill.
The skeletal warrior disappears in a puff of smoke!
The necromancer disappears in a puff of smoke!
You feel better.
You are engulfed in freezing vapours.
You die...

#≈...∩...∩...≈#
##...........##
##≈.....©.....≈##
#≈≈.#########.≈≈#
##≈.#.§.xg..#.≈##
##.#.§####.#.##
##≈.#.#§§§#.#.≈##
#≈≈.#.#§§§#.#.≈≈#
##≈.#.#@§§#v#.≈##
##.#.####§§#.##
##≈.#.!=©...#.≈##
#≈≈.#########.≈≈#
##≈.#8..©#....≈##
##.#©...#.8..##
##≈.#8..©#....≈##
#≈≈.#########.≈≈#
##≈.#....535#.≈##


There were no monsters in sight!

Vanquished Creatures
  A boulder beetle (D:8)
  A two-headed ogre (D:11)
  Pikel (D:7)
  An ugly thing (D:8)
  A worldbinder (Gauntlet)
  A cyclops (D:8)
  Maurice (D:10)
  A gargoyle (D:8)
  Maggie (D:7)
  A slime creature (D:8)
  A vampire (D:10)
  2 wyverns (D:9)
  A shadow (D:10)
  13 yaks
  7 vampire mosquitoes
  2 acid dragons
  3 water moccasins
  8 orc warriors
  2 sky beasts (D:7)
  3 black bears
  3 ice beasts
  2 boggarts (Gauntlet)
  A lemure (D:7)
  3 phantoms
  2 kobold brigands
  4 bullfrogs
  3 necrophages
  6 scorpions
  7 wights (D:8)
  11 killer bees (D:8)
  2 howler monkeys
  6 hounds
  4 jellies
  2 orc priests (D:8)
  5 iguanas
  5 orc wizards
  9 gnolls
  14 adders
  2 shadow imps (D:7)
  A white imp (D:7)
  2 worms
  2 dart slugs (D:1)
  47 orcs
  5 ball pythons
  4 bats (D:1)
  7 endoplasms
  A giant cockroach (D:3)
  9 goblins
  7 hobgoblins
  12 jackals
  20 kobolds
  7 quokkas
  2 frilled lizards (D:1)
  6 rats
275 creatures vanquished.

Vanquished Creatures (collateral kills)
  Joseph (D:7)
  Menkaure (D:7)
  A kobold (D:3)
3 creatures vanquished.

Vanquished Creatures (others)
  88 foxfires
  41 fungi (D:8)
  54 plants
  3 withered plants (D:7)
186 creatures vanquished.

Grand Total: 464 creatures vanquished

Notes
Turn   | Place    | Note
-------+----------+-------------------------------------------
     0 | D:1      | pokeman the Deep Elf Hedge Wizard began the quest for the
                  | Orb.
     0 | D:1      | Reached XP level 1. HP: 10/10 MP: 7/7
   282 | D:1      | Reached XP level 2. HP: 16/16 MP: 2/9
   885 | D:1      | Reached skill level 5 in Spellcasting
  1062 | D:1      | Reached XP level 3. HP: 20/20 MP: 7/11
  1066 | D:1      | Learned a level 3 spell: Mephitic Cloud
  1069 | D:1      | Learned a level 2 spell: Call Imp
  1072 | D:1      | Learned a level 2 spell: Blink
  1516 | D:2      | Reached skill level 1 in Fighting
  1520 | D:2      | Reached skill level 1 in Armour
  1803 | D:2      | Reached XP level 4. HP: 25/25 MP: 10/13
  1824 | D:2      | Found Nittergha's Weapon Shoppe.
  2745 | D:3      | Reached XP level 5. HP: 29/29 MP: 9/15
  2747 | D:3      | Reached skill level 6 in Spellcasting
  3243 | D:3      | Found Zogud's Antique Weapon Emporium.
  3385 | D:3      | Reached skill level 1 in Evocations
  3653 | D:3      | Found a faded altar of an unknown god.
  3692 | D:3      | Reached skill level 1 in Shields
  3692 | D:3      | Reached XP level 6. HP: 23/34 MP: 5/17
  4038 | D:4      | Reached skill level 1 in Poison Magic
  4229 | D:4      | Reached skill level 7 in Spellcasting
  4235 | D:4      | Learned a level 5 spell: Freezing Cloud
  4317 | D:4      | Reached skill level 1 in Air Magic
  4781 | D:4      | Found Adaown's Assorted Antiques.
  4802 | D:4      | Reached skill level 1 in Ice Magic
  4802 | D:4      | Reached XP level 7. HP: 38/38 MP: 16/20
  4972 | D:5      | Entered Level 5 of the Dungeon
  5045 | D:5      | Found Xoachuam's Antique Weapon Emporium.
  5148 | D:5      | Reached skill level 8 in Spellcasting
  5587 | D:4      | Reached skill level 9 in Spellcasting
  5826 | D:5      | Reached XP level 8. HP: 44/45 MP: 16/23
  5941 | D:5      | Found a burning altar of Makhleb.
  6114 | D:5      | Reached skill level 5 in Conjurations
  6251 | D:6      | Found a shadowy altar of Dithmenos.
  6886 | D:6      | Reached skill level 10 in Spellcasting
  7131 | D:6      | Found Jecwolawn's Weapon Shoppe.
  7295 | D:7      | Found a flagged portal.
  7301 | Bailey   | Entered a bailey
  7515 | Bailey   | Reached skill level 11 in Spellcasting
  7633 | Bailey   | Reached XP level 9. HP: 38/50 MP: 23/26
  8017 | D:7      | Noticed Pikel
  8060 | D:7      | Killed Pikel
  8061 | D:7      | Reached skill level 12 in Spellcasting
  8119 | D:7      | Noticed Menkaure
  8123 | D:7      | Noticed Joseph
  8148 | D:7      | Killed Joseph
  8499 | D:7      | Found a shimmering altar of Xom.
  8518 | D:7      | Noticed Maggie
  8535 | D:7      | Killed Maggie
  8547 | D:7      | Killed Menkaure
  8548 | D:7      | Reached skill level 13 in Spellcasting
  8875 | D:7      | Found a staircase to the Ecumenical Temple.
  8886 | Temple   | Entered the Ecumenical Temple
  8890 | Temple   | Became a worshipper of Vehumet
  9020 | D:7      | Found an ancient bone altar of Kikubaaqudgha.
  9537 | D:8      | Noticed a green ugly thing
  9542 | D:8      | Killed a green ugly thing
  9543 | D:8      | Reached XP level 10. HP: 56/56 MP: 24/29
  9944 | D:8      | Reached skill level 14 in Spellcasting
 10035 | D:8      | Noticed a cyclops
 10035 | D:8      | Noticed a boulder beetle
 10065 | D:8      | Killed a boulder beetle
 10204 | D:8      | Killed a cyclops
 10334 | D:8      | Found a staircase to the Lair.
 10567 | D:8      | Noticed a gargoyle
 10569 | D:8      | Reached * piety under Vehumet
 10569 | D:8      | Offered knowledge of Foxfire by Vehumet.
 10571 | D:8      | Killed a gargoyle
 10572 | D:8      | Reached skill level 15 in Spellcasting
 11192 | D:8      | Found a bloodstained altar of Trog.
 11705 | D:9      | Found an iron altar of Okawaru.
 11740 | D:9      | Found a white marble altar of Elyvilon.
 11853 | D:9      | Found a basalt altar of Yredelemnul.
 11894 | D:9      | Noticed a centaur warrior
 11894 | D:9      | Noticed an eight-headed hydra
 11902 | D:9      | Noticed a five-headed hydra
 11913 | D:9      | Reached XP level 11. HP: 40/60 MP: 26/32
 12008 | D:9      | Learned a level 1 spell: Foxfire
 12346 | D:10     | Entered Level 10 of the Dungeon
 12422 | D:10     | Found a hide-covered altar of Uskayaw.
 12426 | D:10     | Found a snail-covered altar of Cheibriados.
 12435 | D:10     | Reached skill level 5 in Shields
 12520 | D:10     | Reached skill level 16 in Spellcasting
 12522 | D:10     | Reached ** piety under Vehumet
 12522 | D:10     | Offered knowledge of Searing Ray by Vehumet.
 12558 | D:10     | Noticed Maurice
 12564 | D:10     | Killed Maurice
 13368 | D:11     | Reached skill level 10 in Conjurations
 13394 | D:11     | Found a staircase to the Orcish Mines.
 13401 | D:11     | Offered knowledge of Hailstorm by Vehumet.
 13458 | D:11     | Noticed a cyan ugly thing
 13589 | D:11     | Noticed a two-headed ogre
 13594 | D:11     | Found a gate leading to a gauntlet.
 13595 | D:11     | Killed a two-headed ogre
 13596 | D:11     | Reached skill level 17 in Spellcasting
 13615 | Gauntlet | Entered a Gauntlet
 13615 | Gauntlet | Found a transporter.
 13647 | Gauntlet | Found a transporter.
 13647 | Gauntlet | Found a transporter.
 13648 | Gauntlet | Found a transporter.
 13652 | Gauntlet | Noticed a soul eater
 13656 | Gauntlet | Found a transporter.
 13659 | Gauntlet | Found a transporter.
 13660 | Gauntlet | Found a transporter.
 13662 | Gauntlet | Noticed a blizzard demon
 13668 | Gauntlet | Found a transporter.
 13671 | Gauntlet | Found a transporter.
 13672 | Gauntlet | Found a transporter.
 13680 | Gauntlet | Found a transporter.
 13683 | Gauntlet | Found a transporter.
 13684 | Gauntlet | Found a transporter.
 13688 | Gauntlet | Found a runed translucent door.
 13688 | Gauntlet | Found a runed translucent door.
 13698 | Gauntlet | Noticed a death drake
 13704 | Gauntlet | Found a transporter.
 13832 | Gauntlet | Noticed a skeletal warrior
 13832 | Gauntlet | Noticed a necromancer
 13832 | Gauntlet | Noticed a skeletal warrior
 13836 | Gauntlet | Engulfed by a cloud of freezing vapour

Illustrated notes

Levels and vault maps discovered:
D:1:      dpeg_arrival_castle, layout_loops_corners, minmay_tromino_v4_c
D:2:      layout_basic, serial_shops, nicolae_diamond_shop
D:3:      layout_loops_ring, basic_ecumenical_altar, serial_shops,
          nicolae_shop_window_shopping, minmay_misc_feat_room
D:4:      layout_basic, serial_shops, nicolae_shop_crystal
D:5:      layout_gridville, makhleb_blood_cavern_becter, serial_shops, shop,
          serial_bayou, serial_bayou_pond_b, serial_bayou_lake_a,
          serial_bayou_pond_d, serial_bayou_ford_a, serial_bayou_pond_c,
          serial_bayou_pond_a
D:6:      layout_basic, amcnicky_altar_gilded, serial_shops,
          nicolae_shop_bloodbath_and_beyond
D:7:      layout_cave_pods, xom_confusion_cloud, kiku_gazebo_garden_becter,
          temple_hall, enter_bailey_2, uniq_menkaure, uniq_joseph, uniq_maggie,
          uniq_pikel
D:8:      minmay_diamond_stairs, layout_gridville, trog_butcher_becter,
          due_lair_maze_entry_diamond
D:9:      layout_long_grid, mainiacjoe_overflow_concentric_impassable,
          mainiacjoe_overflow_small_starburst, lemuel_round_altar,
          onia_ninara_dug_in_and_dangerous
D:10:     layout_irregular_city, grunt_temple_overflow_open, uniq_maurice
D:11:     layout_stronghold, hiddenorc2_lemuel, gauntlet_entry_generic
Temple:   nicolae_temple_x_marks_the_god
Gauntlet: gammafunk_gauntlet_77_escape_option [minmay_gauntlet_arena_77_box,
          minmay_gauntlet_arena_77_museum, minmay_gauntlet_arena_77_block_sizes,
          minmay_gauntlet_arena_77_radiant_squares,
          minmay_gauntlet_arena_77_shame_cube,
          dreamdust_gauntlet_exit_labyrinth]

Skill      XL: |  1  2  3  4  5  6  7  8  9 10 11 |
---------------+----------------------------------+-----
Spellcasting   | 5 6 7 9 11 13 15 17 | 17.1
Fighting       | 1 2 3 |  3.1
Armour         | 1 2 3 4 |  4.5
Conjurations   | 2 3 4 6 7 9 10 | 10.3
Stealth        | 3 |  3.0
Dodging        | 3 |  3.0
Evocations     | 1 |  1.0
Shields        | 1 3 4 5 |  5.0
Poison Magic   | 1 |  1.0
Air Magic      | 1 |  1.0
Ice Magic      | 1 |  1.0
Summonings     | |  1.1
Translocations | |  1.1

Action                   |  1- 3 |  4- 6 |  7- 9 | 10-12 || total
-------------------------+-------+-------+-------+-------++-------
Melee: Flail             |       |    24 |    40 |     3 ||    67
       Staff             |       |     3 |     5 |    30 ||    38
       Punch             |       |       |       |     1 ||     1
 Cast: Magic Dart        |    77 |   161 |   274 |   152 ||   664
       Mephitic Cloud    |       |     6 |    16 |     9 ||    31
       Blink             |       |     1 |     2 |     3 ||     6
       Call Imp          |       |     1 |     4 |     5 ||    10
       Freezing Cloud    |       |       |     2 |    44 ||    46
       Foxfire           |       |       |       |    57 ||    57
Evoke: Wand              |       |       |       |     1 ||     1
  Use: Potion            |       |       |     1 |     2 ||     3
 Stab: Confused          |       |       |     4 |     1 ||     5
Armor: Robe              |     2 |    13 |    33 |       ||    48
       Steam dragon scal |       |       |     3 |    27 ||    30
Dodge: Dodged            |     2 |    32 |    73 |    87 ||   194
       Repelled          |       |       |       |     1 ||     1
Block: Buckler           |       |     3 |       |    11 ||    14

Table legend: (Time is in decaauts)
 A = Elapsed time spent in this place.
 B = Non-inter-level travel time spent in this place.
 C = Inter-level travel time spent in this place.
 D = Time resting spent in this place.
 E = Time spent auto-exploring this place.
 F = Levels seen in this place.
 G = Mean time per level.
                   A        B        C        D        E       F      G
               +--------+--------+--------+--------+--------+-----+--------+
         Total |  13912 |  13337 |    575 |   1135 |   9676 |  14 |  993.7 |
       Dungeon |  13095 |  12523 |    572 |   1054 |   9348 |  11 | 1190.5 |
        Temple |      8 |      5 |      3 |      0 |      0 |   1 |    8.0 |
        Bailey |    588 |    588 |      0 |     81 |    296 |   1 |  588.0 |
      Gauntlet |    220 |    220 |      0 |      0 |     31 |   1 |  220.0 |
               +--------+--------+--------+--------+--------+-----+--------+

Top non-repeatable levels by time:
     D:7: 1933 daAuts
     D:8: 1742 daAuts
     D:3: 1478 daAuts
     D:1: 1477 daAuts
     D:6: 1178 daAuts
     D:5: 1143 daAuts
     D:4: 1114 daAuts
     D:2: 1047 daAuts
    D:10: 1017 daAuts
     D:9: 707 daAuts
  Bailey: 588 daAuts
    D:11: 255 daAuts
Gauntlet: 220 daAuts
  Temple: 8 daAuts
